[Event "Titled Tuesday Blitz April 4 Late 2023"]
[White "Pakleza, Zbigniew"]
[Black "Loiacono, Antonio"]
[WhiteFideId "1119290"]
[BlackFideId "895415"]
[WhiteElo "2410"]
[BlackElo "2257"]
[Result "0-1"]
[Round "04"]
[TimeControl "180+2"]
[Date "2023.04.04"]
[WhiteClock "0:00:07"]
[BlackClock "0:00:26"]

1. a3 e5 2. d3 d5 3. Nf3 Nc6 4. c3 g6 5. b4 a6 6. e4 dxe4 7. dxe4 Qxd1+ 8. Kxd1 Be6 9. Kc2 f6 10. Nbd2 Nge7 11. Bc4 Kf7 12. Bxe6+ Kxe6 13. Nc4 Nc8 14. Nfd2 Nd6 15. f3 Bh6 16. Nxd6 cxd6 17. Nc4 Bxc1 18. Raxc1 b5 19. Nb6 Rab8 20. Nd5 Ne7 21. Rhd1 Nxd5 22. Rxd5 Rhc8 23. Kb3 Rc4 24. Rcd1 Rc6 25. R5d3 Rbc8 26. Ra1 f5 27. exf5+ gxf5 28. a4 d5 29. axb5 axb5 30. Ra5 Rb6 31. Ra7 e4 32. fxe4 dxe4 33. Rh3 Ke5 34. Raxh7 Rg6 35. Rb7 Rxg2 36. Rxb5+ Kf4 37. Rh4+ Rg4 38. Rh7 Re8 39. Rbb7 e3 40. Rbe7 Rxe7 41. Rxe7 Kf3 42. b5 Re4 43. Ra7 e2 44. Ra1 e1=Q 45. Rxe1 Rxe1 46. c4 Ke4 47. c5 Kd5 48. c6 Kd6 0-1


[Site "https://www.chess.com"]

[Event "Titled Tuesday Blitz April 4 Late 2023"]
[White "Costachi, Mihnea"]
[Black "Petrovic, Aleksa"]
[WhiteFideId "1217518"]
[BlackFideId "967629"]
[WhiteElo "2456"]
[BlackElo "2309"]
[Result "0-1"]
[Round "04"]
[TimeControl "180+2"]
[Date "2023.04.04"]
[WhiteClock "0:01:02"]
[BlackClock "0:00:09"]

1. Nc3 d5 2. d4 e6 3. Bf4 a6 4. e3 c5 5. Nf3 Nc6 6. Be2 Nf6 7. Ne5 Be7 8. O-O O-O 9. Bf3 Qb6 10. Nxc6 Qxc6 11. Re1 b5 12. e4 dxe4 13. Nxe4 Nd5 14. Nxc5 Bxc5 15. dxc5 Qxc5 16. Bxd5 Qxd5 17. Qxd5 exd5 18. Re7 Be6 19. c3 Rfe8 20. Rxe8+ Rxe8 21. Be3 Rb8 22. Bc5 f6 23. f3 Kf7 24. Kf2 Ke8 25. Ke3 Kd7 26. Kd4 Bf7 27. a4 bxa4 28. Bb4 a5 29. Ba3 Re8 30. Kd3 Bg6+ 31. Kd2 Rb8 32. g4 h5 33. g5 fxg5 34. Rg1 Bf7 35. Rxg5 g6 36. Rg1 Rb6 37. Kd3 Rf6 38. Rf1 g5 39. Bc5 g4 40. f4 h4 41. Bd4 Rf5 42. Be5 Bg6 43. Kd4 Kc6 44. Ra1 Rh5 45. Rg1 Bf5 46. Bf6 Rh6 47. Bd8 Re6 48. c4 Re4+ 49. Kc3 Rxc4+ 50. Kd2 Rc2+ 51. Ke3 Rxh2 52. Bxa5 h3 53. Bc3 Rc2 54. Ra1 h2 55. Bd4 Be4 56. f5 Bxf5 57. Be5 Be4 58. Bxh2 Rxh2 59. Ra3 Rh3+ 60. Kd4 Rxa3 61. bxa3 g3 62. Kc3 g2 63. Kb4 g1=Q 64. Ka5 Qa7+ 65. Kb4 Qc5+ 66. Kxa4 Bc2# 0-1


[Site "https://www.chess.com"]

[Event "Titled Tuesday Blitz April 4 Late 2023"]
[White "Mei, Austin"]
[Black "Goltsev, Dmitry"]
[WhiteFideId "30948479"]
[BlackFideId "24176710"]
[WhiteElo "2125"]
[BlackElo "2336"]
[Result "0-1"]
[Round "04"]
[TimeControl "180+2"]
[Date "2023.04.04"]
[WhiteClock "0:00:44"]
[BlackClock "0:00:11"]

1. e4 e6 2. d4 d5 3. Nc3 c5 4. exd5 exd5 5. Bb5+ Nc6 6. Qe2+ Be6 7. Nf3 Nf6 8. Bg5 Be7 9. dxc5 Bxc5 10. O-O-O O-O 11. Bxf6 Qxf6 12. Nxd5 Qh6+ 13. Kb1 Rac8 14. h4 Rfe8 15. Ne3 a6 16. Ba4 b5 17. Bb3 Bxb3 18. axb3 Bxe3 19. fxe3 Qxe3 20. Qxe3 Rxe3 21. Rhe1 Rxe1 22. Rxe1 f6 23. c3 Kf7 24. Re4 Ne7 25. c4 b4 26. Nd4 Ng6 27. Nf5 Rd8 28. Kc2 Ne5 29. Rd4 Rxd4 30. Nxd4 g6 31. Kd2 Ke7 32. Nc2 a5 33. Ne3 Kd6 34. Nd5 f5 35. Ke3 Kc5 36. Nf4 a4 37. Ne6+ Kd6 38. Nf8 a3 39. c5+ Ke7 40. Nxh7 axb2 0-1


[Site "https://www.chess.com"]

[Event "Titled Tuesday Blitz April 4 Late 2023"]
[White "Makridis, Dimitrios"]
[Black "Goffredo_Fofi"]
[WhiteFideId "25864475"]
[WhiteElo "2277"]
[BlackElo "2513"]
[Result "1-0"]
[Round "04"]
[TimeControl "180+2"]
[Date "2023.04.04"]
[WhiteClock "0:01:15"]
[BlackClock "0:00:05"]

1. e4 Nf6 2. e5 Nd5 3. Bc4 Nb6 4. Bb3 d5 5. d4 Bf5 6. c3 e6 7. Ne2 c5 8. Nd2 Nc6 9. O-O h5 10. h3 Be7 11. Nf3 c4 12. Bc2 Bxc2 13. Qxc2 g5 14. Kh1 g4 15. Nh2 Qc7 16. b3 O-O-O 17. b4 Rdg8 18. a4 Nd7 19. a5 Qd8 20. b5 Ncb8 21. Ba3 Nf8 22. Rg1 Bxa3 23. Rxa3 Nbd7 24. Qa4 Qe7 25. Raa1 Ng6 26. Qc2 Ndf8 27. Ra4 Nh7 28. a6 b6 29. f4 gxf3 30. Nxf3 Kb8 31. Raa1 Ng5 32. Nxg5 Qxg5 33. Raf1 Rg7 34. Rf2 Rhg8 35. Qc1 Qe7 36. Qh6 Nh4 37. Qxh5 Nf5 38. Rxf5 exf5 39. Nf4 Qd7 40. Qh6 Rg3 41. Rf1 Rxc3 42. e6 fxe6 43. Nxe6 Rcg3 44. Qf4+ Kc8 45. Qxf5 Rxg2 46. Qf8+ Qd8 47. Nxd8 Rg1+ 48. Rxg1 Rxf8 49. Nc6 Rf7 50. Rg8+ Kc7 51. Nxa7 c3 52. Rc8+ Kd6 53. Rc6+ Kd7 54. Rxc3 Rf4 55. Nc6 Rf1+ 56. Kg2 Rb1 57. Ra3 1-0


[Site "https://www.chess.com"]

[Event "Titled Tuesday Blitz April 4 Late 2023"]
[White "Roebers, Eline"]
[Black "Bilych, Olexiy"]
[WhiteFideId "1058401"]
[BlackFideId "14156504"]
[WhiteElo "2512"]
[BlackElo "2320"]
[Result "1-0"]
[Round "04"]
[TimeControl "180+2"]
[Date "2023.04.04"]
[WhiteClock "0:00:37"]
[BlackClock "0:00:38"]

1. e4 g6 2. d4 Bg7 3. Nc3 d6 4. f4 a6 5. Nf3 b5 6. Bd3 Nd7 7. a4 b4 8. Ne2 c5 9. c3 cxd4 10. cxd4 a5 11. O-O Ba6 12. Bxa6 Rxa6 13. Ng3 d5 14. e5 e6 15. Be3 Ne7 16. Ne2 O-O 17. Bf2 Rc6 18. Bh4 Re8 19. Qd3 Qb6 20. Bxe7 Rxe7 21. g4 Qa6 22. Qd2 Nb6 23. b3 Rec7 24. Rac1 Qc8 25. Rxc6 Rxc6 26. Rc1 Rxc1+ 27. Qxc1 Qxc1+ 28. Nxc1 f6 29. Nd3 f5 30. gxf5 gxf5 31. Nc5 Bh6 32. Nxe6 Kf7 33. Nd8+ Ke8 34. Nc6 Bxf4 35. Nxa5 Kd7 36. Nb7 Kc6 37. Nc5 Be3+ 38. Kf1 Bxd4 39. Nxd4+ Kxc5 40. e6 Kd6 41. a5 Nc8 42. a6 Kc7 43. Nxf5 d4 44. Ke2 Na7 45. Kd3 Nc6 46. Nxd4 Ne7 47. a7 Kb7 48. Nb5 h5 49. Kc4 h4 50. h3 Ka8 51. Kc5 Nc8 52. Kc6 Nb6 53. e7 Nc8 54. Kd7 Nb6+ 55. Ke6 Kb7 56. e8=Q Na8 57. Qb8+ Ka6 58. Qxa8 Ka5 59. Qc8 Kb6 60. a8=Q Kxb5 61. Qaa6# 1-0


[Site "https://www.chess.com"]

[Event "Titled Tuesday Blitz April 4 Late 2023"]
[White "Koutlas, Nikolaos"]
[Black "Papasimakopoulos, Alexandros"]
[WhiteFideId "25827138"]
[BlackFideId "4244125"]
[WhiteElo "2215"]
[BlackElo "2359"]
[Result "0-1"]
[Round "04"]
[TimeControl "180+2"]
[Date "2023.04.04"]
[WhiteClock "0:00:04"]
[BlackClock "0:00:06"]

1. Nf3 d5 2. g3 Nf6 3. Bg2 c6 4. Nc3 d4 5. Nb1 c5 6. O-O Nc6 7. c3 e5 8. cxd4 cxd4 9. d3 Be7 10. Nbd2 Be6 11. a3 O-O 12. b4 Nd5 13. b5 Nc3 14. Qe1 Nxb5 15. Ne4 h6 16. a4 Nc7 17. Ba3 Bxa3 18. Rxa3 Qe7 19. Ra1 f5 20. Ned2 Bd5 21. Rb1 b6 22. Rc1 Na6 23. Nxd4 Bxg2 24. Nxc6 Bxc6 25. Rxc6 Qd7 26. Rc4 Rac8 27. Qc1 Nc5 28. Nf3 e4 29. Ne5 Qd5 30. Ng6 Rfe8 31. d4 Nb3 32. Ne7+ Rxe7 33. Rxc8+ Kh7 34. Qe3 Nxd4 35. Kg2 Ne6 36. Rfc1 Nc5 37. a5 Nb3 38. R1c7 Rxc7 39. Rxc7 Nxa5 40. Qc3 Qg8 41. Rxa7 Qf8 42. Qe5 Nc6 43. Qc7 Nxa7 44. Qxa7 Qf6 45. Qb7 Qd6 46. h3 Qc5 47. g4 b5 48. gxf5 Qxf5 49. h4 Qg4+ 50. Kf1 Qxh4 51. Ke1 e3 0-1


[Site "https://www.chess.com"]

[Event "Titled Tuesday Blitz April 4 Late 2023"]
[White "Kilic, Eray"]
[Black "Becerra, Juan David"]
[WhiteFideId "44517173"]
[BlackFideId "4404998"]
[WhiteElo "2328"]
[BlackElo "2276"]
[Result "1-0"]
[Round "04"]
[TimeControl "180+2"]
[Date "2023.04.04"]
[WhiteClock "0:00:37"]
[BlackClock "0:00:03"]

1. d4 d5 2. Nc3 Nf6 3. Bf4 c6 4. e3 Bg4 5. f3 Bh5 6. h4 Bg6 7. Bd3 Qb6 8. Rb1 Nbd7 9. g4 Bxd3 10. Qxd3 e6 11. Nge2 a5 12. h5 h6 13. a3 Qa6 14. Qd2 b5 15. b4 Nb6 16. Kf2 Nc4 17. Qc1 Be7 18. Ng3 axb4 19. axb4 Qa3 20. Ra1 Qxa1 21. Qxa1 Rxa1 22. Rxa1 O-O 23. Ra6 Rc8 24. Na2 Bf8 25. Ne2 Nd7 26. Nec1 Ndb6 27. Nd3 Ra8 28. Rxa8 Nxa8 29. Ne5 Nxe5 30. Bxe5 Nb6 31. Ke2 f6 32. Bc7 Nc4 33. c3 Kf7 34. Bg3 Ke8 35. Nc1 Kd7 36. Nd3 Nb6 37. Kd2 Nc4+ 38. Ke2 Nb6 39. e4 Nc4 40. Bh4 Nb6 41. e5 Be7 42. Nc5+ Bxc5 43. bxc5 Na4 44. exf6 gxf6 45. Bxf6 Nxc3+ 46. Kd3 Nd1 47. g5 Nf2+ 48. Ke3 b4 49. gxh6 b3 50. h7 b2 51. h8=Q b1=Q 52. Qd8# 1-0


[Site "https://www.chess.com"]

[Event "Titled Tuesday Blitz April 4 Late 2023"]
[White "Makaraci, Tunahan"]
[Black "Riff, Vincent"]
[WhiteFideId "6356559"]
[BlackFideId "617776"]
[WhiteElo "2160"]
[BlackElo "2369"]
[Result "0-1"]
[Round "04"]
[TimeControl "180+2"]
[Date "2023.04.04"]
[WhiteClock "0:00:11"]
[BlackClock "0:00:33"]

1. e4 c5 2. c3 d6 3. d4 Nf6 4. Bd3 e5 5. Ne2 Nc6 6. d5 Ne7 7. h3 Ng6 8. O-O Be7 9. f4 exf4 10. Nxf4 Ne5 11. Na3 O-O 12. Nc4 Nxc4 13. Bxc4 Nxe4 14. Bd3 Nf6 15. c4 Nd7 16. Qh5 Nf6 17. Qh4 g6 18. Qh6 b5 19. b3 bxc4 20. bxc4 Rb8 21. Bd2 Ne8 22. Bc3 Bg5 23. Ne6 Bxe6 24. Qxf8+ Kxf8 25. dxe6 f5 26. Bxf5 gxf5 27. Rxf5+ Kg8 28. Raf1 Ng7 29. Bxg7 Kxg7 30. Rf7+ Kg6 31. g4 Qe8 0-1


[Site "https://www.chess.com"]

[Event "Titled Tuesday Blitz April 4 Late 2023"]
[White "koteRV1610"]
[Black "Tworuszka, Michal"]
[BlackFideId "1117858"]
[WhiteElo "2727"]
[BlackElo "2473"]
[Result "0-1"]
[Round "04"]
[TimeControl "180+2"]
[Date "2023.04.04"]
[WhiteClock "0:00:12"]
[BlackClock "0:00:28"]

1. d4 Nf6 2. c4 e6 3. Nf3 b6 4. g3 Ba6 5. Qc2 c5 6. Bg2 Bb7 7. O-O cxd4 8. Nxd4 Bxg2 9. Kxg2 Qc8 10. Bf4 a6 11. Nd2 Nc6 12. N4f3 Be7 13. Rac1 O-O 14. a3 Qb7 15. Kg1 Rac8 16. Qd3 d5 17. b4 Rfd8 18. Qb3 a5 19. b5 Nb8 20. Ne5 Nfd7 21. cxd5 Nc5 22. Qf3 Qxd5 23. Ndc4 Qxf3 24. Nxf3 Nbd7 25. Nfe5 Nxe5 26. Nxe5 Bf6 27. Nc6 Rd5 28. Rcd1 Ne4 29. f3 Nc3 30. Rxd5 exd5 31. a4 Nxe2+ 32. Kf2 Nxf4 33. gxf4 d4 34. Rd1 Kf8 35. Ke2 Re8+ 36. Kd3 Re3+ 37. Kc4 Rxf3 38. Nxd4 Rxf4 39. Kd5 Rxd4+ 40. Rxd4 Bxd4 41. Kxd4 Ke7 42. Kd5 Kd7 0-1


[Site "https://www.chess.com"]

[Event "Titled Tuesday Blitz April 4 Late 2023"]
[White "Goltseva, Ekaterina"]
[Black "Bakalchuk, Johnatan"]
[WhiteFideId "24173770"]
[BlackFideId "2810301"]
[WhiteElo "2200"]
[BlackElo "2450"]
[Result "0-1"]
[Round "04"]
[TimeControl "180+2"]
[Date "2023.04.04"]
[WhiteClock "0:00:31"]
[BlackClock "0:01:33"]

1. Nf3 Nf6 2. c4 g6 3. Nc3 c5 4. g3 Bg7 5. Bg2 O-O 6. O-O Nc6 7. d3 d6 8. e4 Bg4 9. Ne2 Nd7 10. Rb1 a6 11. a4 Rb8 12. h3 Bxf3 13. Bxf3 Nde5 14. Bg2 Nb4 15. f4 Nexd3 16. Be3 Nxb2 17. Qd2 Nxc4 18. Qc1 Nxe3 19. Qxe3 b5 20. axb5 axb5 21. e5 Qb6 22. e6 f5 23. g4 Nc2 24. Qg3 c4+ 25. Kh1 Ne3 26. Rf3 Nxg2 27. Kxg2 b4 28. Qh4 Qb7 29. Kf2 c3 30. gxf5 Rxf5 31. Ng3 Ra5 32. f5 Ra2+ 33. Ne2 Rf8 34. Rxb4 Qa6 35. Qc4 Qxc4 36. Rxc4 gxf5 37. Ke3 c2 38. Kd2 c1=Q+ 39. Kxc1 Rxe2 40. Rc7 Rxe6 41. Rg3 Rg6 42. Rxg6 hxg6 43. Rxe7 Bf6 44. Re6 Kf7 45. Rxd6 Rc8+ 46. Kd2 Rd8 0-1


[Site "https://www.chess.com"]

[Event "Titled Tuesday Blitz April 4 Late 2023"]
[White "Martin Barcelo, Carles"]
[Black "Adewumi, Tanitoluwa"]
[WhiteFideId "24561444"]
[BlackFideId "30966396"]
[WhiteElo "2089"]
[BlackElo "2717"]
[Result "0-1"]
[Round "04"]
[TimeControl "180+2"]
[Date "2023.04.04"]
[WhiteClock "0:00:03"]
[BlackClock "0:01:17"]

1. d4 Nf6 2. Nf3 e6 3. e3 d5 4. Bd3 c5 5. O-O Nc6 6. c3 Bd6 7. Nbd2 e5 8. dxe5 Nxe5 9. Nxe5 Bxe5 10. Nf3 Bc7 11. c4 O-O 12. cxd5 Qxd5 13. Qc2 Bg4 14. Be2 Rac8 15. Bd2 Qh5 16. h3 Bxh3 17. gxh3 Qxh3 18. Ne5 Bxe5 19. f4 Qg3+ 20. Kh1 Qh3+ 21. Kg1 Ng4 22. Bxg4 Qxg4+ 23. Kf2 Bf6 24. Rh1 Bh4+ 25. Kf1 Qf3+ 26. Kg1 Qf2# 0-1


[Site "https://www.chess.com"]

[Event "Titled Tuesday Blitz April 4 Late 2023"]
[White "Hansen, Sune Berg"]
[Black "reevecanada"]
[WhiteFideId "1400266"]
[WhiteElo "2713"]
[BlackElo "2447"]
[Result "1-0"]
[Round "04"]
[TimeControl "180+2"]
[Date "2023.04.04"]
[WhiteClock "0:00:30"]
[BlackClock "0:00:48"]

1. Nf3 d5 2. g3 Nf6 3. Bg2 e6 4. O-O Bd6 5. d3 O-O 6. Nbd2 c6 7. e4 Nbd7 8. Re1 e5 9. b3 Re8 10. Bb2 d4 11. Rf1 b5 12. Nh4 Nf8 13. Nf5 Bc7 14. f4 g6 15. fxe5 Bxe5 16. Nh4 Ng4 17. Qf3 Qc7 18. Qe2 Ne3 19. Ndf3 Nxf1 20. Rxf1 c5 21. Nxe5 Qxe5 22. b4 Be6 23. Nf3 Qc7 24. bxc5 Qxc5 25. Bxd4 Qh5 26. Qe3 Nd7 27. a3 Bg4 28. Rf2 Bxf3 29. Bxf3 Qh3 30. Qf4 h5 31. Bg4 Re7 32. Bxh3 1-0


[Site "https://www.chess.com"]

[Event "Titled Tuesday Blitz April 4 Late 2023"]
[White "Marczuk, Dominik"]
[Black "Iliaguev, Nisim"]
[WhiteFideId "1111264"]
[BlackFideId "2817276"]
[WhiteElo "2174"]
[BlackElo "2241"]
[Result "0-1"]
[Round "04"]
[TimeControl "180+2"]
[Date "2023.04.04"]
[WhiteClock "0:00:02"]
[BlackClock "0:01:03"]

1. e4 c6 2. d4 d5 3. f3 e6 4. Be3 Nf6 5. e5 Nfd7 6. c3 c5 7. f4 Nc6 8. Nf3 Rb8 9. Bd3 g6 10. O-O b5 11. a3 a5 12. g4 Qb6 13. f5 cxd4 14. cxd4 Ndxe5 15. Nxe5 Nxe5 16. fxg6 hxg6 17. Nc3 Nxd3 18. Qxd3 Ba6 19. Qd2 b4 20. Ne2 Bd6 21. Rf2 bxa3 22. bxa3 Qb2 23. Raf1 Qxd2 24. Bxd2 Rxh2 25. Rxh2 Bxh2+ 26. Kxh2 Bxe2 27. Rf2 Bxg4 28. Bxa5 Bd1 29. Bb4 Ba4 30. Kg3 Rc8 31. Kf4 f6 32. Rh2 g5+ 33. Ke3 Kf7 34. Rh7+ Kg6 35. Re7 Kf5 36. Ra7 Bb3 37. a4 Rc4 38. Rb7 Bxa4 39. Be7 Rc3+ 40. Kd2 Rf3 41. Bc5 Bb3 42. Rb8 Bc4 43. Rf8 Kg6 44. Re8 Kf5 45. Rf8 Ke4 46. Re8 e5 47. dxe5 fxe5 48. Bd6 Rf5 49. Re7 g4 50. Rg7 Kf3 51. Re7 e4 52. Rh7 d4 53. Bc5 e3+ 54. Ke1 Rxc5 55. Rd7 d3 0-1


[Site "https://www.chess.com"]

[Event "Titled Tuesday Blitz April 4 Late 2023"]
[White "Nazari, Arad"]
[Black "Jimenez Jimenez, Leandro"]
[WhiteFideId "12577324"]
[BlackFideId "6415253"]
[WhiteElo "2242"]
[BlackElo "2263"]
[Result "0-1"]
[Round "04"]
[TimeControl "180+2"]
[Date "2023.04.04"]
[WhiteClock "0:00:06"]
[BlackClock "0:00:12"]

1. e4 e5 2. f4 exf4 3. Nf3 g5 4. h4 g4 5. Ne5 Nc6 6. Nxg4 d5 7. exd5 Qxd5 8. Qe2+ Be6 9. Nc3 Qf5 10. Nb5 O-O-O 11. Nf2 Qxc2 12. Qe4 Nb4 13. Na3 Qc5 14. Qxf4 Bh6 15. Ne4 Nc2+ 16. Nxc2 Qxc2 17. Ng5 Ne7 18. Qe4 Qc5 19. d4 Rxd4 20. Qe3 Bxg5 21. hxg5 Rhd8 22. Be2 Qb4+ 23. Kf2 Re4 24. Qxa7 Nf5 25. Qa8+ Kd7 26. Rd1+ Rd4 27. Rxd4+ Qxd4+ 28. Ke1 Rxa8 0-1


[Site "https://www.chess.com"]

[Event "Titled Tuesday Blitz April 4 Late 2023"]
[White "Harriott, Tyrell"]
[Black "Mindlin, Alon"]
[WhiteFideId "2086484"]
[BlackFideId "2800071"]
[WhiteElo "2107"]
[BlackElo "2430"]
[Result "0-1"]
[Round "04"]
[TimeControl "180+2"]
[Date "2023.04.04"]
[WhiteClock "0:00:04"]
[BlackClock "0:01:23"]

1. d4 Nf6 2. e3 d5 3. Bd3 g6 4. f4 Bg7 5. Nf3 O-O 6. O-O c5 7. c3 Qc7 8. Qe1 Nc6 9. Nbd2 Rb8 10. Qh4 b5 11. a3 a5 12. Ne5 b4 13. axb4 axb4 14. Ndf3 bxc3 15. bxc3 cxd4 16. cxd4 Nb4 17. Bb1 Nc2 18. Bxc2 Qxc2 19. Bd2 Ne4 20. Rfc1 Qb2 21. Qe1 Nxd2 22. Nxd2 Bf5 23. Nc6 Rb7 24. Na5 Rb6 25. Nc6 Bf6 26. Ne5 Rfb8 27. Nf1 Be4 28. Qg3 Bh4 29. Qh3 Qf2+ 30. Kh1 Rb2 31. Nf3 Bf6 32. Rd1 Re2 33. Qg3 Rbb2 34. Qxf2 Rxf2 35. Kg1 Rxg2+ 36. Kh1 Bxf3 37. Ra8+ Kg7 38. Nd2 Rgxd2+ 0-1


[Site "https://www.chess.com"]

[Event "Titled Tuesday Blitz April 4 Late 2023"]
[White "Goncalves, Davi Sulzbacher"]
[Black "Bronstein, Or"]
[WhiteFideId "2154510"]
[BlackFideId "2815770"]
[WhiteElo "2182"]
[BlackElo "2356"]
[Result "0-1"]
[Round "04"]
[TimeControl "180+2"]
[Date "2023.04.04"]
[WhiteClock "0:00:04"]
[BlackClock "0:00:21"]

1. Nf3 g6 2. d4 Bg7 3. Nc3 d6 4. e4 a6 5. Be2 b5 6. a4 b4 7. Nd5 Bb7 8. O-O a5 9. Bg5 h6 10. Bh4 g5 11. Bg3 e6 12. Ne3 Bxe4 13. Re1 Nd7 14. d5 Bxb2 15. dxe6 fxe6 16. Nd2 Bg6 17. Bh5 Ne7 18. Rb1 Bc3 19. Bxg6+ Nxg6 20. Qh5 Kf7 21. Re2 Nf6 22. Qf3 Kg7 23. Ndc4 d5 24. Nd2 h5 25. Nd1 Bxd2 26. Rxe6 h4 27. Be5 Nxe5 28. Rxe5 Bf4 29. Rf5 Qd7 30. Rxf4 gxf4 31. Qxf4 Qg4 32. Qxc7+ Kg6 33. Ne3 Qg5 34. Qd6 Rad8 35. Qc7 d4 36. Nc4 Rhe8 37. f4 Qf5 38. Rf1 Rc8 39. Ne5+ Rxe5 40. Qxe5 Qxe5 41. fxe5 Nd5 42. Rd1 Rxc2 43. Rxd4 Ne3 44. Rd6+ Kf5 45. e6 Rxg2+ 46. Kh1 Re2 47. h3 Kf6 48. Ra6 Nf5 49. Rxa5 Ng3+ 50. Kg1 Kxe6 51. Rb5 Rb2 52. a5 Nf5 53. a6 Ra2 54. Rb6+ Ke5 55. Rb5+ Kf6 56. Rb6+ Kg5 57. Kf1 b3 58. Rxb3 Rxa6 59. Kg2 Ra4 60. Kh2 Rf4 61. Kg2 Re4 62. Rb5 Re2+ 63. Kf3 Re3+ 64. Kg2 Rg3+ 65. Kh2 Re3 66. Ra5 Kf4 67. Ra4+ Kf3 68. Rg4 Re2+ 69. Kh1 Ng3+ 70. Kg1 Rg2# 0-1


[Site "https://www.chess.com"]

[Event "Titled Tuesday Blitz April 4 Late 2023"]
[White "Can, Melih Kaan"]
[Black "Thomforde-Toates, Noah"]
[WhiteFideId "6317383"]
[BlackFideId "30951992"]
[WhiteElo "2010"]
[BlackElo "2703"]
[Result "0-1"]
[Round "04"]
[TimeControl "180+2"]
[Date "2023.04.04"]
[WhiteClock "0:00:01"]
[BlackClock "0:00:35"]

1. e4 c5 2. Nf3 g6 3. d4 cxd4 4. Qxd4 Nf6 5. Nc3 Nc6 6. Qa4 d6 7. e5 dxe5 8. Nxe5 Bd7 9. Nxd7 Nxd7 10. Bb5 Bg7 11. O-O O-O 12. Qh4 Nd4 13. Ba4 Nf5 14. Qh3 Nc5 15. Rd1 Qa5 16. Bb3 Rad8 17. Bg5 Bxc3 18. bxc3 Ne4 19. Rxd8 Rxd8 20. Bxf7+ Kxf7 21. Qxh7+ Ng7 22. Bxe7 Qxc3 23. Rb1 Kxe7 24. Rxb7+ Rd7 25. Qh4+ Nf6 26. Rb1 Nf5 27. Qf4 Qd4 28. Qc1 Kf7 29. h3 Ne4 30. Qa3 Qxf2+ 31. Kh1 Neg3+ 32. Kh2 Nf1+ 33. Rxf1 Qxf1 34. Qb3+ Kg7 0-1


[Site "https://www.chess.com"]

[Event "Titled Tuesday Blitz April 4 Late 2023"]
[White "Rodshtein, Maxim"]
[Black "Zeman, Matyas"]
[WhiteFideId "2806851"]
[BlackFideId "364398"]
[WhiteElo "2555"]
[BlackElo "2254"]
[Result "1-0"]
[Round "04"]
[TimeControl "180+2"]
[Date "2023.04.04"]
[WhiteClock "0:00:19"]
[BlackClock "0:00:04"]

1. e4 c5 2. Ne2 Nc6 3. Nbc3 g6 4. d4 cxd4 5. Nxd4 Bg7 6. Be3 Nf6 7. Be2 O-O 8. O-O d5 9. exd5 Nxd5 10. Nxd5 Qxd5 11. Bf3 Qc4 12. Nxc6 bxc6 13. c3 Be6 14. Re1 Bd5 15. Be2 Qe4 16. Bf1 Qh4 17. Bc5 Rfe8 18. g3 Qf6 19. Qe2 e5 20. Qe3 a5 21. b3 Qf3 22. Qxf3 Bxf3 23. Be2 Bxe2 24. Rxe2 e4 25. Rc1 f5 26. c4 Kf7 27. Kg2 Red8 28. f3 exf3+ 29. Kxf3 Re8 30. Rce1 Rxe2 31. Rxe2 Bf6 32. Rd2 Rd8 33. Rxd8 Bxd8 34. Ke3 Ke6 35. Kd3 g5 36. b4 axb4 37. Bxb4 Bb6 38. a4 h5 39. Bd2 Ke5 40. Bxg5 Bg1 41. h4 Bb6 42. Bd2 c5 43. a5 Ba7 44. a6 Ke6 45. Bf4 Kd7 46. Ke3 Kc6 47. Be5 Kb6 48. Kf4 Kxa6 49. Kxf5 Ka5 50. g4 Kb4 51. gxh5 Kxc4 52. h6 1-0


[Site "https://www.chess.com"]

[Event "Titled Tuesday Blitz April 4 Late 2023"]
[White "Lopez Del Alamo, Antonio"]
[Black "Ezat, Mohamed"]
[WhiteFideId "2227339"]
[BlackFideId "10600906"]
[WhiteElo "2175"]
[BlackElo "2386"]
[Result "0-1"]
[Round "04"]
[TimeControl "180+2"]
[Date "2023.04.04"]
[WhiteClock "0:00:05"]
[BlackClock "0:00:21"]

1. e4 c6 2. d4 d5 3. exd5 cxd5 4. c3 Nc6 5. Bd3 Qc7 6. h3 g6 7. Nf3 Nh6 8. O-O Bf5 9. Be2 Bg7 10. Re1 O-O 11. Nbd2 f6 12. Nf1 Nf7 13. Ng3 Bd7 14. Bd3 Kh8 15. Nh4 f5 16. Nf3 e5 17. dxe5 Nfxe5 18. Nxe5 Nxe5 19. Bf4 Rae8 20. Bc2 Qc5 21. Bb3 Bc6 22. Be3 Qa5 23. Bd4 f4 24. Nf1 f3 25. g3 Qc7 26. Qd2 Qd7 27. Kh2 Rf5 28. g4 Rff8 29. Ng3 Nc4 30. Bxc4 dxc4 31. Rxe8 Rxe8 32. Rd1 Bxd4 33. Qxd4+ Qxd4 34. Rxd4 Re2 35. Kg1 Rxb2 36. Rxc4 Rxa2 37. Ne4 Ra4 38. Rxa4 Bxa4 39. Nc5 Bc6 40. Kh2 b6 41. Nb3 a5 42. Kg3 a4 43. Nd4 a3 44. Nc2 a2 45. Kf4 Kg7 46. Ke5 h5 47. Kd6 Ba4 48. Na1 hxg4 49. hxg4 Kf6 50. Kc7 b5 51. Kd6 Kg5 52. Ke5 Kxg4 53. Kd4 Kh3 54. c4 bxc4 55. Kxc4 Kg2 0-1


[Site "https://www.chess.com"]

[Event "Titled Tuesday Blitz April 4 Late 2023"]
[White "Weisz, Bryan"]
[Black "Barbosa, Evandro Amorim"]
[WhiteFideId "30934133"]
[BlackFideId "2115824"]
[WhiteElo "2359"]
[BlackElo "2439"]
[Result "0-1"]
[Round "04"]
[TimeControl "180+2"]
[Date "2023.04.04"]
[WhiteClock "0:01:30"]
[BlackClock "0:01:56"]

1. e3 d5 2. c4 e6 3. Nc3 Nf6 4. Nf3 c6 5. d4 Nbd7 6. Qc2 Bd6 7. e4 dxe4 8. Nxe4 Nxe4 9. Qxe4 Bb4+ 10. Bd2 Bxd2+ 11. Nxd2 c5 12. O-O-O Nf6 13. Qh4 Qxd4 14. Qxd4 cxd4 15. f3 O-O 16. Bd3 Nd7 17. f4 e5 18. fxe5 Nxe5 19. Be4 Be6 20. Bxb7 Rab8 21. Nf3 Nxc4 22. Ba6 Nxb2 23. Rxd4 Rb6 24. Bd3 Rc8+ 25. Kd2 Nxd3 26. Rxd3 Rb2+ 27. Ke3 Rxa2 28. g3 h6 29. Rb1 Bf5 0-1


[Site "https://www.chess.com"]

[Event "Titled Tuesday Blitz April 4 Late 2023"]
[White "micke12a"]
[Black "Skvortsov, Andrei"]
[BlackFideId "24108600"]
[WhiteElo "2351"]
[BlackElo "2259"]
[Result "0-1"]
[Round "04"]
[TimeControl "180+2"]
[Date "2023.04.04"]
[WhiteClock "0:00:01"]
[BlackClock "0:00:49"]

1. e4 c5 2. Nc3 a6 3. Nge2 d6 4. g3 g6 5. Bg2 Bg7 6. O-O Nf6 7. d3 O-O 8. a4 Nc6 9. h3 Rb8 10. f4 Nd7 11. g4 b5 12. axb5 axb5 13. Ng3 Nd4 14. Be3 b4 15. Na4 Nb3 16. cxb3 Bb7 17. Qe2 Bc6 18. Rfd1 e5 19. f5 Bb5 20. g5 f6 21. fxg6 hxg6 22. gxf6 Nxf6 23. Bg5 Qd7 24. Bxf6 Rxf6 25. Qg4 Qf7 26. Qe2 Qxb3 27. Nxc5 dxc5 28. Rac1 Qe6 29. Kh2 Rc8 30. Nf1 Bh6 31. Ne3 Bd7 32. Rf1 Bf4+ 33. Kh1 Rf7 34. Rcd1 Rh7 35. Rf3 Rf8 36. Nd5 Bg5 37. Rxf8+ Kxf8 38. Qf3+ Rf7 39. Qg3 Bh6 40. Rf1 Rxf1+ 41. Bxf1 Bc6 42. Bg2 Kg7 43. Bf3 Qe8 44. Kg2 Bc1 45. b3 Bb2 46. h4 Qf7 47. h5 Kh6 48. hxg6 Qxg6 49. Qxg6+ Kxg6 50. Kf2 Kg5 51. Ke2 Be8 52. Kd2 Bd4 53. Kc2 Kh4 54. Nf6 Bf7 55. Nd5 Kg3 56. Bd1 Kf2 57. Bg4 Kg3 58. Bd1 Be6 59. Be2 Kf2 60. Bd1 Bh3 61. Bh5 Ke1 62. Bd1 Bg2 63. Bg4 Bf1 64. Be6 Ke2 65. Kc1 Kxd3 66. Bf5 Ke2 67. Kc2 Kf3 68. Bg6 Ba6 69. Ne7 Bb7 70. Nd5 Kg4 71. Bh7 Bc8 72. Ne7 Be6 73. Nc6 Kf3 74. Nxd4+ cxd4 75. Bg6 Ke3 76. Bh7 d3+ 77. Kb2 d2 0-1


[Site "https://www.chess.com"]

[Event "Titled Tuesday Blitz April 4 Late 2023"]
[White "Jaracz, Pawel"]
[Black "Schuster, Karsten"]
[WhiteFideId "1102222"]
[BlackFideId "4611071"]
[WhiteElo "2438"]
[BlackElo "2294"]
[Result "1-0"]
[Round "04"]
[TimeControl "180+2"]
[Date "2023.04.04"]
[WhiteClock "0:01:48"]
[BlackClock "0:02:29"]

1. d4 d5 2. Bf4 c5 3. e3 cxd4 4. exd4 Nc6 5. c3 Nf6 6. h3 Bf5 7. Nf3 e6 8. Qb3 Qc8 9. Ne5 Nxe5 10. Bxe5 Nd7 11. Bf4 Be7 12. Nd2 O-O 13. Be2 a6 14. a4 Qc6 15. O-O Nf6 16. Nf3 Ne4 17. Ne5 Qc8 18. f3 Bd6 19. fxe4 Bxe4 20. Bf3 Bxf3 21. Rxf3 Qc7 22. Raf1 f6 23. Nd3 b5 24. axb5 axb5 25. Bxd6 Qxd6 26. Qxb5 Rab8 27. Qc5 Qa6 28. Nb4 Qe2 29. R3f2 Qe3 30. Qd6 Rfe8 31. Qf4 1-0


[Site "https://www.chess.com"]